Unix NetHack Version 5.0.0-0 post-release - last build Jun 10 2026 00:39:30 (3ee93aec679c4c4259841fe613dc97188e26a321,branch:main).

Game began 2026-06-16 10:49:15, ended 2026-06-16 11:03:05.

GdeVolpiano, neutral female human Archeologist

       --------             -----------
      #.......-###          |..........#
      #|......|             |.........|
      #|......|             |.>.   ...|
      #-.------             ..........|
      # ######              |.........|
      #      ####           --.------
      #         #             #########
      ##        ####              #######h####
       #           #                  ##@e###
       #        #  #                        #
       #    ----|--.-                       #
      +#    |.......|                       #
            |.>(.....         --------------.-
            |.......|         |..............|
            |.......-###      |..............|
            ---------  #######.....<..........
                              ----------------

GdeVolpiano the Field Worker  St:11 Dx:9 Co:13 In:14 Wi:18 Ch:10  Neutral
Dlvl:4  $:1564 HP:0(33) Pw:8(15) AC:9  Xp:4 T:1750 

Latest messages:
 You learn more about your items by comparing them.
 d - an uncursed food ration (6 in total).
 Something is written here in the dust.
 You read: "Closed for inventory".
 Where do you want to travel to?
 (For instructions type a '?')
 The door resists!
 The door opens.
 Where do you want to travel to?
 (For instructions type a '?')
 You hear bubbling water.
 In what direction?
 The spell hits the floating eye.
 In what direction?
 The spell hits the floating eye!
 The floating eye resists!
 You kill the floating eye!
 In what direction?
 The magical energy is released!
 There is a doorway here.
 You see here a floating eye corpse.
 There is a floating eye corpse here; eat it? [ynq] (n)
 This floating eye corpse is fatty.
 You finish eating the floating eye corpse.
 You feel a strange mental acuity.
 Where do you want to travel to?
 (For instructions type a '?')
 You are already here.
 You descend the stairs.
 You climb up the stairs.
 You see here a leather armor.
 You see here a leather armor.
 N - a leather armor.
 #
 Where do you want to travel to?
 (For instructions type a '?')
 You don't have enough energy to cast that spell.
 You hit the floating eye.
 You are frozen by the floating eye's gaze!
 The runed dagger hits the floating eye!
 The hobbit hits!
 The hobbit hits!
 The hobbit hits!
 The hobbit hits!
 The hobbit hits!
 The hobbit hits!
 The hobbit hits!
 The hobbit hits!
 You die...
 Do you want your possessions identified? [ynq] (y)

Inventory:
 Coins    ('$')
  $ - 1564 gold pieces
 Weapons  (')')
  a - a +2 bullwhip (alternate weapon; not wielded)
 Armor    ('[')
  c - an uncursed +0 fedora (being worn)
  N - an uncursed +0 leather armor
  b - a blessed +0 leather jacket (being worn)
 Comestibles  ('%')
  s - an uncursed fig
  d - 6 uncursed food rations
 Potions  ('!')
  q - 3 uncursed potions of healing
 Wands    ('/')
  K - a wand of polymorph (0:3)
 Tools    ('(')
  h - an empty uncursed sack
  e - a +0 pick-axe (weapon in right hand)
 Gems/Stones  ('*')
  g - an uncursed touchstone

GdeVolpiano the Archeologist's attributes:

Background:
 You were a Field Worker, a level 4 female human Archeologist.
 You were neutral, nominally on a mission for Camaxtli
 who was opposed by Quetzalcoatl (lawful) and Huhetotl (chaotic).
 You were right-handed.
 You were in the Dungeons of Doom, on level 4.
 You entered the dungeon 1750 turns ago.
 There was a new moon in effect when your adventure ended.
 You had 87 experience points, 73 more were needed to attain level 5.

Basics:
 You had 0 out of 33 hit points.
 You had 8 out of 15 energy points (spell power).
 Your armor class was 9.
 Your wallet contained 1564 zorkmids.
 Autopickup was on for '$?!/="+' plus thrown, with exceptions.

Final Characteristics:
 Your strength was 11 (limit:18/100).
 Your dexterity was 9 (limit:18).
 Your constitution was 13 (limit:18).
 Your intelligence was 14 (limit:18).
 Your wisdom was 18 (limit:18).
 Your charisma was 10 (limit:18).

Final Status:
 You weren't hungry.
 You were unencumbered.
 You were wielding a pick-axe.
 You had basic skill with pick-axe.

Final Attributes:
 You had sinned.
 You were telepathic.
 You had automatic searching.
 You are dead.

Miscellaneous:
 You didn't encounter any bones levels.
 Total elapsed playing time was 13 minutes and 49 seconds.

Major events:
 Turn
    1: GdeVolpiano the neutral female human Archeologist entered the dungeon
 1066: read a Discworld novel
 1066: attained the rank of Field Worker (level 3)
 1656: entered the Gnomish Mines
 1750: killed by a hobbit, while frozen by a floating eye's gaze

Spells:
 Name                 Level Category     Fail Retention
 detect monsters        1   divination     8%  76%-100%
 force bolt             1   attack         8%  76%-100%
 remove curse           3   clerical     100%  76%-100%

Skills:
 Fighting Skills
   bare handed combat [Unskilled]
   two weapon combat  [Unskilled]
   riding             [Unskilled]
 Weapon Skills
   dagger             [Unskilled]
   knife              [Unskilled]
   pick-axe           [Basic]
   short sword        [Unskilled]
   saber              [Unskilled]
   club               [Unskilled]
   quarterstaff       [Unskilled]
   sling              [Unskilled]
   dart               [Unskilled]
   boomerang          [Unskilled]
   whip               [Basic]
   unicorn horn       [Unskilled]
 Spellcasting Skills
   attack spells      [Unskilled]
   healing spells     [Unskilled]
   divination spells  [Unskilled]
   matter spells      [Unskilled]

Voluntary challenges:
 Character rerolling was not enabled.
 You were an atheist.
 You never genocided any monsters.
 You never changed form.
 You used no wishes.
Achievements:
 You entered a shop.
 You read from a Discworld novel.
 You attained the rank of Field Worker.
 You entered the Gnomish Mines.

 The Dungeons of Doom: levels 1 to 4
    Level 1: "nymph"
       An altar.
    Level 2:
       A potion shop, a sink.
    Level 3:
       A scroll shop, some fountains.
    Level 4: <- You were here.
       Stairs down to The Gnomish Mines.
       Final resting place for
          you, killed by a hobbit, while frozen by a floating eye's gaze.
 The Gnomish Mines:
    Level 5:


Vanquished creatures:
  a giant ant
  2 floating eyes
  a hobbit
  2 giant rats
  a green mold
  2 geckos
  2 jackals
  a fox
  a goblin
  3 grid bugs
  6 lichens
  a kobold zombie
  2 newts
25 creatures vanquished.

No species were genocided or became extinct.

Game over:
                       ----------
                      /          \
                     /    REST    \
                    /      IN      \
                   /     PEACE      \
                  /                  \
                  |   GdeVolpiano    |
                  |     1564 Au      |
                  |   killed by a    |
                  |      hobbit      |
                  |                  |
                  |                  |
                  |       2026       |
                 *|     *  *  *      | *
        _________)/\\_//(\/(/\)/\//\/|_)_______

Goodbye GdeVolpiano the Archeologist...

You died in The Dungeons of Doom on dungeon level 4 with 1966 points,
and 1564 pieces of gold, after 1750 moves.
You were level 4 with a maximum of 33 hit points when you died.

